 Dungeon Crawl Stone Soup version 0.30-a0-311-gf115ab0292 (webtiles) character file.

Game seed: 2790676321848247660

24 KarmaKiller the Sneak (level 2, -5/22 HPs)
             Began as a Vampire Brigand on Oct 25, 2022.
             Slain by Sigmund
             ... wielding a +0 scythe
              (10 damage)
             ... on level 2 of the Dungeon.
             The game lasted 00:10:42 (1508 turns).

KarmaKiller the Sneak (Vampire Brigand)             Turns: 1508, Time: 00:10:43

Health: -5/22      AC:  7    Str: 10    XL:     2   Next: 79%
Magic:  2/2        EV: 11    Int: 13    God:
Gold:   126        SH:  0    Dex: 15    Spells: 1/1 levels left

rFire   . . .      SeeInvis +    a - +2 dagger
rCold   . . .      Faith    .    (no shield)
rNeg    . . .      Spirit   .    l - +3 leather armour
rPois   .          Reflect  .    (no helmet)
rElec   .          Harm     .    c - +0 cloak
rCorr   .          Rampage  .    (no gloves)
Will    .....                    (no boots)
Stlth   +++.......               (no amulet)
HPRegen 0.43/turn                (no ring)
MPRegen 0.08/turn                (no ring)

@: healing quickly
A: alive, fangs 3, see invisible, vampiric 1
a: Exsanguinate


You were on level 2 of the Dungeon.
You visited 1 branch of the dungeon, and saw 2 of its levels.

You collected 126 gold pieces.

Inventory:

Hand Weapons
 a - a +2 dagger (weapon)
Missiles
 d - 7 poisoned darts (quivered)
 e - 3 curare-tipped darts
 j - 15 stones
Armour
 b - a +0 robe
 c - a +0 cloak (worn)
 l - a +3 leather armour (worn)
Scrolls
 h - 2 scrolls of enchant armour {unknown}
 k - 3 scrolls of amnesia {unknown}
Potions
 f - a potion of degeneration {unknown}
 g - a potion of curing {unknown}
 i - a potion of lignification {unknown}


   Skills:
 + Level 1.8 Fighting
 + Level 2.4 Short Blades
 + Level 1.7 Throwing
 + Level 1.2 Dodging
 + Level 6.8 Stealth


You had one spell level left.
You didn't know any spells.
Your spell library contained the following spells:

 Spells                   Type           Power      Damage    Failure   Level
 Cigotuvi's Dreadful Rot  Necr/Pois/Air  0%         N/A       54%         2
 Dispel Undead            Necr           0%         3d6       99%         4
 Death Channel            Necr           0%         N/A       100%        6


Dungeon Overview and Level Annotations

Branches:
Dungeon (2/15)

Altars:

Shops:
D:1 [

Annotations:
D:2 Sigmund


Innate Abilities, Weirdness & Mutations

Your natural rate of healing is accelerated.
You have razor-sharp teeth.
You have supernaturally acute eyesight. (SInv)
You are afflicted with vampirism.


Message History

Sigmund hits you but does no damage.
You hit Sigmund. Your bite misses Sigmund.
Sigmund is moderately wounded.
Sigmund barely misses you.
You hit Sigmund.
Sigmund is moderately wounded.
You hit Sigmund but do no damage. You punch Sigmund.
Sigmund is heavily wounded.
Sigmund closely misses you.
You barely miss Sigmund. Your bite misses Sigmund.
Sigmund is heavily wounded.
You hit Sigmund but do no damage. Your bite misses Sigmund.
Sigmund is heavily wounded.
Sigmund completely misses you.
You hit Sigmund but do no damage.
Sigmund is heavily wounded.
Sigmund points at you and mumbles some strange words.
The magic dart hits you!
You barely miss Sigmund.
Sigmund is heavily wounded.
You hit Sigmund but do no damage.
Sigmund is heavily wounded.
Sigmund hits you with a +0 scythe.
You barely miss Sigmund.
Sigmund is heavily wounded.
Sigmund hits you with a +0 scythe.
You completely miss Sigmund.
Sigmund is heavily wounded.
You barely miss Sigmund.
Sigmund is heavily wounded.
Sigmund hits you with a +0 scythe.
* * * LOW HITPOINT WARNING * * *
Throw: 8 darts (poison)
Press: ? - help, Q - select action, (/) - cycle Shift-Dir - straight line, f/p - Sigmund
Aim: Sigmund, wielding a +0 scythe and wearing a +0 robe (heavily wounded, unusually resistant, slightly transparent, 53% to hit)
You throw a poisoned dart. The poisoned dart hits Sigmund.
Sigmund is heavily wounded.
Sigmund giggles. "Time to reap what you sow."
Sigmund hits you from afar with a +0 scythe!
You die...

##........)..#
##......##.#.....#
#......##.# .####
##..#####.# #
##.## #.# #..##
#.# . ##..# #.#
....###.###[#
.......@.@(.#
....#######...# ##
>.. #


You could see Sigmund (resistant, invisible).

Vanquished Creatures
  2 dart slugs
  6 endoplasms
  3 goblins (D:1)
  A hobgoblin (D:2)
  A ball python (D:1)
  2 bats
  2 frilled lizards
  A kobold (D:1)
  A rat (D:1)
19 creatures vanquished.

Notes
Turn   | Place    | Note
-------+----------+-------------------------------------------
     0 | D:1      | KarmaKiller the Vampire Brigand began the quest for the
                  | Orb.
     0 | D:1      | Reached XP level 1. HP: 16/16 MP: 1/1
    35 | D:1      | Reached skill level 6 in Stealth
   290 | D:1      | Found Ticudghuc's Armour Emporium.
   359 | D:1      | Reached XP level 2. HP: 22/22 MP: 2/2
  1484 | D:2      | Noticed Sigmund
  1508 | D:2      | Slain by Sigmund

Illustrated notes

Levels and vault maps discovered:
D:1:      evilmike_arrival_crescent, layout_basic, serial_shops, shop,
          moated_statue
D:2:      layout_basic, serial_shops, nicolae_shop_advertising_works
          [nicolae_subvault_shop_adworks], nicolae_eternal_life, uniq_natasha,
          uniq_sigmund

Skill      XL: |  1 |
---------------+----+-----
Stealth        | 6 |  6.8
Fighting       | |  1.8
Short Blades   | |  2.4
Throwing       | |  1.7
Dodging        | |  1.2

Action                   || total
-------------------------++-------
Melee: Dagger            ||    45
       Bite              ||     4
       Punch             ||     1
Throw: Dart              ||     7
 Stab: Sleeping          ||     7
Armor: Robe              ||     1
       Leather armour    ||     4
Dodge: Dodged            ||    21

Table legend: (Time is in decaauts)
 A = Elapsed time spent in this place.
 B = Non-inter-level travel time spent in this place.
 C = Inter-level travel time spent in this place.
 D = Time resting spent in this place.
 E = Time spent auto-exploring this place.
 F = Levels seen in this place.
 G = Mean time per level.
                   A        B        C        D        E       F      G
               +--------+--------+--------+--------+--------+-----+--------+
         Total |   1503 |   1503 |      0 |      0 |      0 |   2 |  751.5 |
       Dungeon |   1503 |   1503 |      0 |      0 |      0 |   2 |  751.5 |
               +--------+--------+--------+--------+--------+-----+--------+

Top non-repeatable levels by time:
     D:1: 1381 daAuts
     D:2: 121 daAuts
